Map: [ESL] Data-C

Players

Serral - Winner!

  • Race: Zerg Zerg
  • Spawn Location: 9:00

Lambo

  • Race: Zerg Zerg
  • League: Master
  • Spawn Location: 3:00

Event: HomeStory Cup XXI

VOD

Have the link to the VOD?

Description

Time

  • Played on: July 24, 2022, 1:16 p.m.
  • Length: 6:40

All games in this series

Show
View Real Time Build Order
Export as new Build Order

Serral Zerg - Winner!

Build Orders: Hatch First 

Get SALT Encoding   

  12  0:00  Drone  
  13  0:12  Overlord  
  13  0:16  Drone  
  14  0:30  Drone x2  
  16  0:47  Hatchery  
  15  0:51  Drone  
  15  0:55  Drone  
  17  0:57  Drone  
  18  1:09  Extractor  
  17  1:15  Spawning Pool  
  17  1:16  Drone  
  17  1:19  Drone  
  18  1:27  Drone  
  19  1:38  Drone  
  20  1:52  Drone  
  21  2:01  Queen x2  
  21  2:02  Overlord, Zergling x2  
  26  2:10  Drone x2  
  26  2:13  Metabolic Boost  
  28  2:22  Zergling x2  
  29  2:23  Drone  
  30  2:32  Drone x2  
  32  2:38  Hatchery  
  32  2:43  Drone  
  32  2:47  Baneling Nest  
  32  2:51  Overlord  
  31  2:55  Drone  
  31  2:56  Drone  
  33  3:02  Queen  
  36  3:05  Drone  
  36  3:11  Drone x3  
  39  3:17  Overlord  
  39  3:20  Zergling x4  
  39  3:22  Zergling x2  
  39  3:26  Drone x2  
  44  3:30  Evolution Chamber  
  44  3:31  Drone  
  44  3:41  Drone x5  
  49  3:43  Drone  
  49  3:44  Drone  
  51  3:50  Extractor  
  51  3:53  Roach Warren  
  49  3:56  Zerg Ground Armor Level 1  
  49  3:59  Overlord  
  49  4:02  Drone  
  49  4:03  Drone  
  49  4:06  Zergling x2  
  49  4:07  Drone  
  49  4:09  Drone x2  
  54  4:12  Drone  
  55  4:19  Extractor, Drone  
  55  4:20  Overlord, Drone  
  55  4:23  Overlord  
  56  4:30  Overlord x2  
  56  4:34  Drone x2  
  58  4:43  Roach x5  
  67  4:52  Roach x4  
  75  4:58  Roach x3  
  75  4:59  Roach  
  83  5:02  Overlord  
  83  5:06  Zergling x6  
  86  5:10  Zergling x2  
  86  5:11  Zergling x2  
  88  5:18  Zergling x4  
  90  5:22  Zergling x12  
  90  5:26  Baneling x6  
  95  5:30  Zergling x8  
  98  5:43  Zergling x8  
  98  5:47  Zergling x4  
  98  5:53  Zergling x12  
  97  5:59  Zergling x8  
  88  6:04  Zergling x4  
  85  6:12  Zergling x6  
  85  6:14  Ravager  
  84  6:19  Zergling x2  
Show
View Real Time Build Order
Export as new Build Order

Lambo Zerg 

Build Orders: Hatch First 

Get SALT Encoding   

  12  0:00  Drone  
  13  0:12  Overlord  
  13  0:16  Drone  
  14  0:31  Drone x2  
  16  0:48  Hatchery  
  15  0:51  Drone  
  15  0:55  Drone  
  17  0:57  Drone  
  18  1:09  Extractor  
  17  1:13  Spawning Pool  
  17  1:17  Drone  
  17  1:20  Drone  
  18  1:28  Drone  
  19  1:38  Drone  
  20  1:50  Drone  
  21  2:00  Queen x2  
  21  2:01  Overlord, Zergling x2  
  26  2:10  Metabolic Boost  
  26  2:12  Drone  
  26  2:13  Drone  
  28  2:22  Drone, Zergling x2  
  30  2:34  Hatchery  
  30  2:37  Drone  
  30  2:41  Drone  
  32  2:44  Drone  
  32  2:48  Baneling Nest  
  31  2:53  Overlord  
  31  2:56  Drone x2  
  33  3:06  Queen, Zergling x2  
  33  3:12  Drone x2  
  38  3:14  Drone  
  38  3:15  Zergling x2  
  38  3:19  Zergling x2  
  41  3:22  Overlord  
  41  3:24  Drone  
  42  3:27  Drone  
  42  3:28  Drone  
  44  3:35  Baneling  
  44  3:41  Evolution Chamber, Drone x4  
  48  3:42  Drone  
  48  3:44  Drone  
  48  3:46  Drone  
  50  3:48  Drone  
  51  3:56  Lair  
  51  3:59  Extractor  
  50  4:04  Roach Warren, Drone x2  
  50  4:07  Drone x3  
  50  4:09  Drone  
  55  4:14  Drone x3  
  55  4:17  Zerg Missile Weapons Level 1  
  57  4:19  Overlord  
  57  4:21  Drone  
  58  4:26  Overlord  
  58  4:31  Overlord  
  58  4:34  Overlord  
  58  4:38  Drone x5  
  63  4:40  Drone  
  63  4:43  Extractor, Drone  
  64  4:46  Overlord, Extractor  
  64  4:52  Overlord  
  63  4:53  Drone  
  63  4:54  Overlord, Drone  
  63  4:56  Overlord  
  63  4:57  Glial Reconstitution  
  64  5:05  Roach  
  64  5:06  Roach x3  
  72  5:16  Roach  
  72  5:17  Roach x3  
  80  5:22  Overlord  
  80  5:25  Roach x4  
  88  5:29  Spine Crawler  
  88  5:31  Roach x2  
  88  5:32  Baneling  
  91  5:36  Baneling, Zergling x2  
  91  5:37  Zergling x10  
  97  5:46  Roach x2  
  90  5:52  Ravager  
  90  5:55  Roach  
  84  5:57  Zergling x10  
  84  6:00  Roach  
  84  6:02  Roach  
  75  6:06  Roach  
  75  6:09  Roach  
  70  6:12  Zergling x8  
  69  6:18  Roach  
Tags
 
Add a new tag
Caveats
  • Supply blocks, unpowered buildings, or Contaminate may cause inaccurate times.
  • Supply counts are checked every 10 seconds.